 Dungeon Crawl Stone Soup version 0.19.3-1-g3169bf9 (webtiles) character file.

247 Alarkh the Chopper (level 5, -1/41 HPs)
             Began as a Demonspawn Monk on Jan 26, 2017.
             Slain by Crazy Yiuf
             ... wielding a +4 quarterstaff of chaos
              (19 damage)
             ... on level 3 of the Dungeon.
             The game lasted 00:03:48 (3711 turns).

Alarkh the Chopper (Demonspawn Monk)                Turns: 3711, Time: 00:03:49

Health: -1/41      AC:  5    Str: 12    XL:     5   Next: 85%
Magic:  5/5        EV: 13    Int: 12    God:
Gold:   110        SH:  0    Dex: 15    Spells: 0 memorised, 4 levels left

rFire  . . .     SeeInvis .     x - +0 war axe
rCold  . . .     Gourm    .     b - +0 robe
rNeg   . . .     Faith    .     (no shield)
rPois  .         Spirit   .     (helmet restricted)
rElec  .         Reflect  .     (no cloak)
rCorr  .         Harm     .     (no gloves)
MR     .....                    s - +2 pair of boots
Stlth  +++.......               (no amulet)
                                (no ring)
                                h - ring of stealth

@: very slightly contaminated, hasted, very quick
A: antennae 1, powered by pain 1
a: no special abilities


You were on level 3 of the Dungeon.
You were not hungry.

You visited 1 branch of the dungeon, and saw 3 of its levels.

You collected 110 gold pieces.

Inventory:

Hand Weapons
 a - a +0 hand axe
 x - a +0 war axe (weapon)
Armour
 b - a +0 robe (worn)
 g - a +0 helmet
 s - a +2 pair of boots (worn)
Jewellery
 h - a ring of stealth (left hand)
Scrolls
 d - a scroll of enchant weapon {unknown}
 e - 3 scrolls of identify
 i - a scroll of teleportation
 j - a scroll of immolation {unknown}
 l - a scroll of noise {unknown}
 m - a scroll of amnesia {unknown}
 n - a scroll of random uselessness {unknown}
 q - a scroll of enchant armour {unknown}
 r - a scroll of magic mapping {unknown}
 w - a scroll of remove curse {unknown}
Potions
 k - 2 potions of curing
 p - a potion of invisibility
 v - a potion of flight {unknown}
 A - a potion of cure mutation {unknown}
Comestibles
 c - 3 bread rations
 f - a beef jerky
 o - a slice of pizza
 u - a meat ration
 z - a chunk of flesh


   Skills:
 - Level 3.0 Fighting
 + Level 6.1 Axes
 - Level 2.6 Dodging
 - Level 1.7 Stealth


You had 4 spell levels left.
You didn't know any spells.

Dungeon Overview and Level Annotations

Branches:
Dungeon (3/15)

Altars:
Hepliaklqana
Yredelemnul

Annotations:
D:3 Crazy Yiuf


Innate Abilities, Weirdness & Mutations

You have a pair of small antennae on your head.
You sometimes gain a little power by taking damage.


Message History

Found a stone staircase leading up.
There is a stone staircase leading down here.
Partly explored, obstructed by runed door.
As you open the door, it creaks loudly!
Crazy Yiuf the Enlightened comes into view.
He is wielding a quarterstaff of chaos.
Crazy Yiuf shouts!
Found a mace.
There is an open door here.
It was a potion of haste.
You feel yourself speed up.
Crazy Yiuf hits you with a quarterstaff of chaos.
Crazy Yiuf burns you.
You are very lightly contaminated with residual magic.
Some of the chunks of flesh in your inventory have rotted away.
You slash Crazy Yiuf!
Crazy Yiuf is heavily wounded.
You hit Crazy Yiuf.
Crazy Yiuf is severely wounded.
Crazy Yiuf hits you with a quarterstaff of chaos!
You are electrocuted!
You die...

#.# #....# #.# #PPP.# #.# #...##
########.# ##.## #######
#........# #.## ######.....#
###........# ##.# #...........
...........# #.## #..........#
###........# ##.# ####......÷. #
#........# #@# #..######
###........# #.g.# #........
.......##### #...# #####.######
..........(# #..)# #...........
.......##### ##### ####.#.#####
)÷.........# #....#..##..
.####......###########....##.##.#
.# #.....................##[##.#
.# #.....................##..#.#


You could see Crazy Yiuf.

Vanquished Creatures
  An orc priest (D:3)
  An orc wizard (D:3)
  A worker ant (D:3)
  5 adders
  3 gnolls (D:3)
  An ooze (D:1)
  3 worms
  A dart slug (D:3)
  2 leopard geckos (D:2)
  3 orcs
  A ball python (D:3)
  5 giant cockroaches
  A goblin (D:1)
  7 hobgoblins
  11 jackals
  A quokka (D:3)
  6 bats
  2 frilled lizards (D:2)
  9 kobolds
  9 rats
73 creatures vanquished.

Notes
Turn   | Place    | Note
-------+----------+-------------------------------------------
     0 | D:1      | Alarkh the Demonspawn Monk began the quest for the Orb.
     0 | D:1      | Reached XP level 1. HP: 18/18 MP: 1/1
   158 | D:1      | Reached skill level 3 in Axes
   476 | D:1      | Gained mutation: You have a pair of small antennae on your head. [demonic ancestry]
   476 | D:1      | Reached XP level 2. HP: 23/24 MP: 2/2
  1117 | D:2      | Gained mutation: You sometimes gain a little power by taking damage. [demonic ancestry]
  1117 | D:2      | Reached XP level 3. HP: 28/29 MP: 3/3
  1127 | D:2      | Found a hazy altar of Hepliaklqana.
  1213 | D:2      | Found a basalt altar of Yredelemnul.
  1402 | D:2      | Reached skill level 4 in Axes
  2316 | D:3      | Reached XP level 4. HP: 33/35 MP: 4/4
  2592 | D:3      | Reached skill level 5 in Axes
  2889 | D:3      | Reached XP level 5. HP: 35/41 MP: 5/5
  3537 | D:3      | Found a runed door.
  3602 | D:3      | Reached skill level 6 in Axes
  3707 | D:3      | Noticed Crazy Yiuf
  3711 | D:3      | Slain by Crazy Yiuf

Skill      XL: |  1  2  3  4  5 |
---------------+----------------+-----
Axes           | 3 4 5 6 |  6.1
Fighting       | |  3.0
Dodging        | |  2.6
Stealth        | |  1.7

Action                   |  1- 3 |  4- 6 || total
-------------------------+-------+-------++-------
Melee: Hand axe          |   153 |   110 ||   263
       War axe           |       |    14 ||    14
  Use: Potion            |     1 |     3 ||     4
       Scroll            |     3 |       ||     3
 Stab: Sleeping          |     8 |     2 ||    10
       Distracted        |     1 |       ||     1
  Eat: Chunk             |     5 |     4 ||     9
Armor: Robe              |    22 |    28 ||    50
Dodge: Dodged            |   121 |    85 ||   206
